 Dungeon Crawl Stone Soup version 0.19.5 (webtiles) character file.

516 tricornhat the Slasher (level 7, 0/54 HPs)
             Began as a Human Berserker on Mar 9, 2017.
             Was a Believer of Trog.
             Slain by a centaur (9 damage)
             ... on level 5 of the Dungeon.
             The game lasted 00:33:13 (4921 turns).

tricornhat the Slasher (Human Berserker)            Turns: 4921, Time: 00:33:14

Health: 0/54       AC:  5    Str: 19    XL:     7   Next: 44%
Magic:  6/6        EV: 11    Int:  8    God:    Trog [**....]
Gold:   180        SH:  0    Dex: 14    Spells: 0 memorised, 6 levels left

rFire  + . .     SeeInvis .     a - +0 falchion
rCold  . . .     Gourm    .     h - +0 leather armour {rF+}
rNeg   . . .     Faith    .     (no shield)
rPois  .         Spirit   .     f - +1 helmet
rElec  .         Reflect  .     (no cloak)
rCorr  .         Harm     .     (no gloves)
MR     .....                    (no boots)
Stlth  +.........               (no amulet)
                                (no ring)
                                (no ring)

@: heavily drained
A: low mp 1, strong 1, wild magic 1
a: Berserk, Trog's Hand, Burn Spellbooks, Renounce Religion


You were on level 5 of the Dungeon.
You worshipped Trog.
Trog was pleased with you.
You were not hungry.

You visited 1 branch of the dungeon, and saw 6 of its levels.

You collected 280 gold pieces.
You spent 100 gold pieces at shops.

Inventory:

Hand Weapons
 a - a +0 falchion (weapon)
Armour
 b - a +0 animal skin
 f - a +1 helmet (worn)
 h - a +0 leather armour of fire resistance (worn)
Jewellery
 k - an uncursed ring of see invisible
 r - an uncursed ring of flight
 t - a cursed ring of loudness {unknown}
Scrolls
 c - 3 scrolls of teleportation
 e - 2 scrolls of random uselessness
 g - a scroll of recharging {unknown}
 j - 5 scrolls of identify
 l - 5 scrolls of remove curse
 p - a scroll of amnesia {unknown}
 s - a scroll of fog {unknown}
Potions
 n - a potion of flight
 v - a potion of curing
Books
 m - a book of Alchemy

   Spells                             Type                      Level
   a - Sublimation of Blood           Necromancy                   2
   b - Ignite Poison                  Fire/Transmutation/Poison    3
   c - Petrify                        Transmutation/Earth          4
   d - Alistair's Intoxication        Transmutation/Poison         5
   e - Irradiate                      Conjuration/Transmutation    5
   Trog disapproves of the use of such an item.
Comestibles
 d - 3 bread rations
 o - 2 meat rations


   Skills:
 + Level 4.2(1.8) Fighting
 + Level 6.0(3.5) Long Blades
 + Level 2.8(0.5) Armour
 + Level 3.5(1.2) Dodging
 + Level 2.1(0.0) Stealth


You had 6 spell levels left.
You didn't know any spells.

Dungeon Overview and Level Annotations

Branches:
Dungeon (6/15)
 Temple: D:4-7

Altars:
Okawaru
Vehumet

Shops:
D:4 (   D:5 %%

Annotations:
D:5 Dowan, Duvessa


Innate Abilities, Weirdness & Mutations

Your magical capacity is low. (-10% MP)
Your muscles are strong. (Str +2)
Your spells are a little harder to cast, but a little more powerful.


Message History

The centaur hits you.
* * * LOW HITPOINT WARNING * * *
The centaur hits you.
* * * LOW HITPOINT WARNING * * *
It was a potion of mutation.
You feel extremely strange.
You feel less in control of your magic.
You feel less energetic.
You feel stronger. The centaur hits you.
* * * LOW HITPOINT WARNING * * *
The centaur misses you.
You riposte.
You hit the centaur.
The centaur is heavily wounded.
You hit the centaur but do no damage.
The centaur is heavily wounded.
The centaur hits you but does no damage.
You hit the centaur.
The centaur is severely wounded.
The centaur hits you.
* * * LOW HITPOINT WARNING * * *
The centaur hits you!
You die...

#....#......#
#....#......+
#....#..(...#
#....'......#
###'##.(....##
#..###((...#
#....#/....#
#....#(....#
#....#@..###
#....#c.......
#....#...#.#.#
#....#...#...
#........##############
###########............
#............
#........(...
#............


You could see a centaur.

Vanquished Creatures
  Eustachio (D:4)
  The ghost of tricornhat the Slasher, an amateur DsGl (D:4)
  A bullfrog (D:6)
  2 bullfrog zombies (D:5)
  A hound (D:4)
  A bullfrog skeleton (D:4)
  An orc wizard (D:3)
  A worker ant (D:5)
  3 adders
  An ooze (D:2)
  2 adder skeletons (D:4)
  A worm (D:5)
  2 dart slugs
  2 leopard geckos
  7 orcs
  2 bats
  A giant cockroach (D:3)
  4 goblins
  7 hobgoblins
  9 jackals
  2 kobolds
  A quokka (D:4)
  A ball python (D:4)
  3 frilled lizards
  8 rats
65 creatures vanquished.

Vanquished Creatures (others)
  A quokka skeleton (D:4)
1 creature vanquished.

Grand Total: 66 creatures vanquished

Notes
Turn   | Place    | Note
-------+----------+-------------------------------------------
     0 | D:1      | tricornhat the Human Berserker began the quest for the Orb.
     0 | D:1      | Reached XP level 1. HP: 18/18 MP: 1/1
    33 | D:1      | Reached XP level 2. HP: 21/24 MP: 2/2
   378 | D:1      | Reached XP level 3. HP: 23/29 MP: 3/3
  1358 | D:2      | Reached ** piety under Trog
  1521 | D:2      | Reached XP level 4. HP: 34/35 MP: 4/4
  2306 | D:3      | Reached skill level 4 in Long Blades
  2306 | D:3      | Reached skill level 1 in Stealth
  2306 | D:3      | Reached XP level 5. HP: 36/41 MP: 5/5
  2364 | D:3      | Found an iron altar of Okawaru.
  2540 | D:4      | Found Liocseq's Weapon Shop.
  2555 | D:4      | Noticed Eustachio
  2576 | D:4      | Noticed tricornhat's ghost (amateur DsGl)
  2797 | D:4      | Killed Eustachio
  2797 | D:4      | Reached skill level 5 in Long Blades
  2797 | D:4      | Reached XP level 6. HP: 27/48 MP: 6/6
  3191 | D:4      | Found a radiant altar of Vehumet.
  3219 | D:4      | Killed tricornhat's ghost
  3559 | D:5      | Entered Level 5 of the Dungeon
  3576 | D:5      | Reached XP level 7. HP: 50/54 MP: 7/7
  3784 | D:5      | Found Xyixt's Food Shoppe.
  3803 | D:5      | Bought a meat ration for 50 gold pieces
  3803 | D:5      | Bought a meat ration for 50 gold pieces
  3946 | D:5      | Found Ocumefesa's Food Boutique.
  4070 | D:5      | Noticed Dowan
  4071 | D:5      | Noticed Duvessa
  4883 | D:5      | Reached skill level 6 in Long Blades
  4919 | D:5      | Gained mutation: Your spells are a little harder to cast, but a little more powerful. [potion of mutation]
  4919 | D:5      | Gained mutation: Your magical capacity is low. (-10% MP) [potion of mutation]
  4919 | D:5      | Gained mutation: Your muscles are strong. (Str +2) [potion of mutation]
  4921 | D:5      | Slain by a centaur

Skill      XL: |  1  2  3  4  5  6  7 |
---------------+----------------------+-----
Long Blades    | 4 5 6 |  6.0
Stealth        | 1 2 |  2.1
Dodging        | 3 |  3.5
Fighting       | 4 |  4.2
Armour         | |  2.8

Action                   |  1- 3 |  4- 6 |  7- 9 || total
-------------------------+-------+-------+-------++-------
Melee: Falchion          |   100 |   174 |    75 ||   349
  Use: Scroll            |     3 |     4 |     3 ||    10
       Potion            |     1 |    10 |     3 ||    14
 Stab: Sleeping          |     2 |     1 |     1 ||     4
  Eat: Bread ration      |     1 |       |       ||     1
       Beef jerky        |       |     1 |       ||     1
       Pizza             |       |     1 |       ||     1
       Chunk             |       |     1 |       ||     1
       Meat ration       |       |       |     1 ||     1
Armor: Animal skin       |    14 |    35 |       ||    49
       Leather armour    |       |       |    26 ||    26
Dodge: Dodged            |    72 |   123 |    49 ||   244
       Rpst.: Falchion   |    28 |    44 |    19 ||    91
